 Dungeon Crawl Stone Soup version 0.31-a0-832-g3a2c1c66ba (webtiles) character file.

Game seed: 13389804911701514894

51 Bnni the Vexing (level 4, -4/29 (33) HPs)
             Began as a Formicid Hexslinger on Sept 25, 2023.
             Slain by Crazy Yiuf
             ... wielding a +4 quarterstaff of chaos
              (12 damage)
             ... on level 2 of the Dungeon.
             The game lasted 00:01:39 (1368 turns).

Bnni the Vexing (Formicid Hexslinger)               Turns: 1368, Time: 00:01:39

HP:   -4/29 (33)    AC:  3    Str: 12    XL:     4   Next: 5%
MP:   4/6           EV: 12    Int: 13    God:
Gold: 3             SH:  0    Dex: 18    Spells: 0/5 levels left

rFire   . . .        a - +1 sling
rCold   . . .        (no shield)
rNeg    . . .        f - +0 robe
rPois   .            (helmet unavailable)
rElec   .            e - +0 cloak
rCorr   .            (no gloves)
SInv    +            (no boots)
Will    .....        (no amulet)
Stlth   ++           (no ring)
HPRegen 0.24/turn    (no ring)
MPRegen 0.10/turn

%: no passive effects
@: heavily drained
A: permanent stasis, dig shafts and tunnels, antennae 3, four strong arms
a: Dig, Shaft Self


You were on level 2 of the Dungeon.
You visited 1 branch of the dungeon, and saw 2 of its levels.

You collected 3 gold pieces.

Inventory:

Hand Weapons
 a - a +1 sling (weapon)
Missiles
 n - 4 curare-tipped darts
 q - 3 poisoned darts
Armour
 e - a +0 cloak (worn)
 f - a +0 robe (worn)
Jewellery
 s - a ring of positive energy
Scrolls
 b - a scroll of poison
 c - a scroll of revelation {unknown}
 i - a scroll of acquirement {unknown}
 k - a scroll of blinking {unknown}
 o - a scroll of teleportation {unknown}
 p - a scroll of identify {unknown}
 r - a scroll of enchant weapon {unknown}
Potions
 d - 2 potions of curing {unknown}
 g - 3 potions of heal wounds {unknown}
 h - a potion of mutation {unknown}
 j - a potion of lignification {unknown}
 l - a potion of degeneration {unknown}
 m - a potion of enlightenment {unknown}


   Skills:
 + Level 1.7 Fighting
 * Level 2.5 Ranged Weapons
 - Level 1.7 Dodging
 + Level 1.4 Spellcasting
 * Level 4.3 Hexes
 * Level 1.9 Fire Magic


You couldn't memorise any spells.
You knew the following spells:

 Your Spells              Type           Power      Damage    Failure   Level
a - Jinxbite              Hex            24%        N/A       7%          2
s - Sigil of Binding      Hex            12%        N/A       14%         3

Your spell library contained the following spells:

 Spells                   Type           Power      Damage    Failure   Level
 Inner Flame              Hex/Fire       9%         N/A       22%         3
 Cause Fear               Hex            6%         N/A       41%         4
 Dimensional Bullseye     Hex/Tloc       3%         N/A       73%         4


Dungeon Overview and Level Annotations

Branches:
Dungeon (2/15)

Altars:

Annotations:
D:2 Crazy Yiuf


Innate Abilities, Weirdness & Mutations

You cannot be hasted, slowed, berserked, paralysed or teleported.
You can dig through walls and to a lower floor.
You have a pair of large antennae on your head. (SInv)
Your four strong arms can wield two-handed weapons with a shield.


Message History

HP restored.
You see here an adder corpse.
Found a hand axe.
Found a hammer.
Found a runed translucent door.
This spell is quite dangerous to cast!
You start memorising the spell.
You continue memorising. x3
You finish memorising.
Spell assigned to 'b'.
Adjust (i)tems, (s)pells, or (a)bilities?
Adjust which spell? b - Sigil of Binding Adjust to which letter? s - Sigil of Binding You extend your mandibles.
You dig through the rock wall.
You feel drained.
Crazy Yiuf glowers.
You retract your mandibles.
Crazy Yiuf laughs, "Papa shoe action!"
Casting: Jinxbite (safe; 7% risk of failure)
Confirm with . or Enter, or press ? or * to list all spells.
Okay, then.
Unknown command.
Casting: Sigil of Binding (quite dangerous; 14% risk of failure)
Confirm with . or Enter, or press ? or * to list all spells.
You inscribe a pair of binding sigils nearby!
You extend your mandibles.
You dig through the rock wall.
You feel drained.
You dig through the rock wall.
You feel drained.
You retract your mandibles.
As you open the door, it creaks loudly!
Crazy Yiuf says, "Aardvark eyeball horse!"
Your binding sigil wavers. x2
Crazy Yiuf attacks as he pursues you!
Crazy Yiuf hits you with a +4 quarterstaff of chaos!
Crazy Yiuf burns you.
Crazy Yiuf moves over your binding sigil and is bound in place!
Crazy Yiuf attacks as he pursues you!
Crazy Yiuf hits you with a +4 quarterstaff of chaos!
* * * LOW HITPOINT WARNING * * *
You are electrocuted!
You die...

##########.# ...###
### ##### ##.##
#..)# #†# #...# #.#
... #.# #'#
##.######## ##.#
..<.#...#.## #.g#
..###......# ##.@#
..........## #^.##
.#####..<..# ##.##
.# #..#### #.PP##
.# #.....# #..P.#
.# #.##### ##..##
.# #.# #....#
.#####†########...#
.............)##.##


You could see Crazy Yiuf (bound).

Vanquished Creatures
  2 adders (D:2)
  3 dart slugs (D:1)
  An endoplasm (D:2)
  A giant cockroach (D:1)
  A goblin (D:1)
  3 kobolds (D:1)
  3 quokkas
  2 ball pythons (D:1)
  5 bats
  7 rats
28 creatures vanquished.

Notes
Turn   | Place    | Note
-------+----------+-------------------------------------------
     0 | D:1      | Bnni the Formicid Hexslinger began the quest for the Orb.
     0 | D:1      | Reached XP level 1. HP: 15/15 MP: 2/2
   251 | D:1      | Reached XP level 2. HP: 21/21 MP: 3/3
   254 | D:1      | Learned a level 2 spell: Jinxbite
   339 | D:1      | Found a faded altar of an unknown god.
   581 | D:1      | Reached skill level 4 in Hexes
   600 | D:1      | Reached XP level 3. HP: 26/26 MP: 5/5
  1280 | D:2      | Reached XP level 4. HP: 23/33 MP: 3/6
  1348 | D:2      | Found a runed translucent door.
  1353 | D:2      | Learned a level 3 spell: Sigil of Binding
  1353 | D:2      | Noticed Crazy Yiuf
  1368 | D:2      | Slain by Crazy Yiuf

Illustrated notes

Levels and vault maps discovered:
D:1:      saegor_arrival_miasma, layout_loops_cross,
          shapermc_ecumenical_altar_gd, minmay_tromino_v4_c
D:2:      layout_basic, serial_co_window_serial, co_window_paths_a,
          co_window_corner_a, co_window_of_opportunity_a,
          co_window_of_opportunity_a, co_window_corner_a, co_window_corner_a,
          co_window_paths_a, co_window_corner_ca, co_window_broadway_b,
          co_window_corner_b, co_window_unsneaky_path_a, co_window_2corner,
          co_window_2corner, glass_columns_c, uniq_crazy_yiuf_cottage

Skill      XL: |  1  2 |
---------------+-------+-----
Hexes          | 4 |  4.3
Fighting       | |  1.7
Ranged Weapons | |  2.5
Dodging        | |  1.7
Spellcasting   | |  1.4
Fire Magic     | |  1.9

Action                     |  1- 3 |  4- 6 || total
---------------------------+-------+-------++-------
   Fire: Sling             |    87 |       ||    87
   Cast: Jinxbite          |     1 |       ||     1
         Sigil of Binding  |       |     1 ||     1
Ability: Dig               |       |     2 ||     2
 Armour: Robe              |    30 |     2 ||    32
  Dodge: Dodged            |    30 |       ||    30

Table legend: (Time is in decaauts)
 A = Elapsed time spent in this place.
 B = Non-inter-level travel time spent in this place.
 C = Inter-level travel time spent in this place.
 D = Time resting spent in this place.
 E = Time spent auto-exploring this place.
 F = Levels seen in this place.
 G = Mean time per level.
                   A        B        C        D        E       F      G
               +--------+--------+--------+--------+--------+-----+--------+
         Total |   1393 |   1320 |     73 |    169 |    906 |   2 |  696.5 |
       Dungeon |   1393 |   1320 |     73 |    169 |    906 |   2 |  696.5 |
               +--------+--------+--------+--------+--------+-----+--------+

Top non-repeatable levels by time:
     D:1: 936 daAuts
     D:2: 457 daAuts
